AoeStats
← Velox_M_B

Coastal Forest

510308973Analyzed
4v4 RM · 2d ago on Sep 30, 2026· 46m 18s· 8 players
Game mode
Random Map
Map size
Large (8 player)
Population
200
Speed
Normal
Resources
Standard
Victory
Conquest
Starting age
Dark Age
Ending age
Imperial Age
RankedLock teamsTeams togetherTeam positionsShared explorationLock speedFull tech treeHidden civsTurbo modeCheats
Victory
Defeat
🇨🇳 Goths · China
804
+9
🇵🇰 Mongols · Pakistan
800
+10
🇨🇳 Saracens · China
788
+10
🇨🇳 Burgundians · China
691
+14
🇨🇱 Italians · Chile
787
-15
🇮🇹 Chinese · Italy
747
-14
🇳🇱 Slavs · Netherlands
560
-8
🇪🇸 Spanish · Spain
508
-6
skiopnado
0:40 Loom
12:11 Feudal Age
11:47 Double-Bit Axe
13:32 Wheelbarrow
14:19 Bow Saw
21:45 Castle Age
19:51 Horse Collar
20:05 Stone Mining
23:42 Gold Mining
24:30 Stone Shaft Mining
25:13 Gold Shaft Mining
24:41 Heavy Plow
25:55 Hand Cart
27:44 Two-Man Saw
33:58 Imperial Age
32:41 Crop Rotation
31:54 Treadmill Crane
32:37 Burgundian Vineyards
34:28 Scale Barding Armor
34:34 Forging
34:28 Husbandry
35:59 Chain Barding Armor
36:15 Iron Casting
36:02 Conscription
35:49 Elite Coustillier
37:29 Plate Barding Armor
38:27 Blast Furnace
43:56 Caravan
sehal
10:34 Feudal Age
15:28 Castle Age
14:29 Double-Bit Axe
14:27 Horse Collar
16:01 Loom
19:05 Fletching
24:31 Stone Mining
28:25 Gold Mining
29:45 Wheelbarrow
29:53 Gold Shaft Mining
29:19 Bodkin Arrow
29:25 Padded Archer Armor
33:50 Imperial Age
32:01 Ballistics
32:03 Leather Archer Armor
32:55 Bloodlines
32:46 Husbandry
34:12 Elite Mangudai
35:13 Conscription
35:23 Thumb Ring
35:53 Parthian Tactics
37:01 Chemistry
35:57 Murder Holes
36:21 Bow Saw
36:17 Heavy Plow
37:05 Bracer
37:17 Forging
37:13 Scale Barding Armor
37:07 Light Cavalry
39:29 Capped Ram
41:10 Drill
41:05 Siege Ram
纸片纸片
8:12 Loom
13:26 Feudal Age
17:27 Castle Age
15:52 Double-Bit Axe
15:50 Horse Collar
15:59 Town Watch
21:48 Bow Saw
22:09 Heavy Plow
23:39 Stone Mining
25:12 Gold Mining
31:55 Imperial Age
31:10 Wheelbarrow
32:17 Squires
31:38 Pikeman
31:39 Man-at-Arms
32:24 Anarchy
34:42 Conscription
33:45 Elite Huskarl
35:18 Scale Mail Armor
35:28 Forging
34:43 Light Cavalry
36:54 Two-Man Saw
36:00 Halberdier
37:39 Crop Rotation
37:45 Capped Ram
46:48 Caravan
HBNUVHTFGHYHUGY
11:14 Feudal Age
16:23 Castle Age
21:48 Double-Bit Axe
22:04 Horse Collar
24:03 Wheelbarrow
27:25 Gold Mining
27:26 Stone Mining
28:12 Heavy Plow
29:39 Stone Mining
32:45 Gold Shaft Mining
35:10 Imperial Age
33:00 Hand Cart
32:31 Loom
35:15 Elite Mameluke
36:26 Bow Saw
36:31 Scale Barding Armor
36:37 Forging
37:03 Conscription
37:37 Chain Barding Armor
38:04 Caravan
38:36 Coinage
38:13 Caravan
41:01 Plate Barding Armor
41:02 Iron Casting
44:00 Blast Furnace
no_1_KOUROS
7:51 Loom
11:20 Feudal Age
11:46 Double-Bit Axe
12:44 Wheelbarrow
12:21 Horse Collar
17:52 Stone Mining
17:53 Gold Mining
19:41 Forging
26:17 Castle Age
26:10 Scale Barding Armor
25:56 Fletching
26:06 Padded Archer Armor
27:41 Hand Cart
27:27 Heavy Plow
27:42 Bow Saw
29:14 Medium Warships
32:30 Iron Casting
32:15 Chain Barding Armor
31:51 Bodkin Arrow
32:12 Leather Archer Armor
32:02 Town Watch
32:39 Ballistics
32:16 Murder Holes
32:31 Fortified Wall
32:58 Stone Shaft Mining
33:18 Town Patrol
33:31 Masonry
38:16 Imperial Age
38:30 Bloodlines
38:21 Husbandry
38:28 Thumb Ring
37:51 Light Cavalry
40:04 Two-Man Saw
39:28 Conscription
40:12 Chemistry
38:34 Elite Conquistador
39:31 Caravan
42:40 Cavalier
44:38 Blast Furnace
44:37 Guard Tower
JesseThebeast67
10:46 Feudal Age
12:03 Wheelbarrow
11:10 Horse Collar
11:19 Double-Bit Axe
17:35 Gold Mining
23:30 Castle Age
23:02 Fishing Lines
24:34 Bow Saw
26:01 Stone Mining
26:47 Gold Shaft Mining
27:02 Heavy Plow
27:34 Gillnets
28:32 Hand Cart
29:05 Loom
33:24 Scale Mail Armor
33:29 Scale Barding Armor
33:35 Forging
33:16 Fletching
33:27 Padded Archer Armor
33:26 Guard Tower
33:46 Fortified Wall
36:47 Imperial Age
36:19 Masonry
36:31 Ballistics
36:06 Murder Holes
36:49 Detinets
36:19 Light Cavalry
37:09 Bloodlines
37:00 Husbandry
37:35 Caravan
38:06 Coinage
38:39 Hussar
41:44 Two-Man Saw
40:34 Town Watch
40:58 Druzhina
42:46 Elite Boyar
44:30 Pikeman
45:11 Squires
46:53 Chemistry
45:59 Siege Engineers
Kitoow
10:58 Feudal Age
9:14 Loom
13:22 Fletching
14:43 Double-Bit Axe
21:10 Castle Age
25:10 Stone Mining
29:16 Wheelbarrow
34:58 Gold Mining
37:57 Imperial Age
36:55 Bodkin Arrow
37:01 Padded Archer Armor
38:45 Ballistics
38:21 Murder Holes
38:39 Elite Skirmisher
45:32 Horse Collar
Velox_M_B
0:30 Loom
11:49 Feudal Age
12:13 Horse Collar
12:22 Double-Bit Axe
12:31 Gold Mining
14:14 Wheelbarrow
15:52 Fishing Lines
19:09 Stone Mining
21:44 Castle Age
19:47 Fletching
22:44 Thumb Ring
26:17 Bow Saw
26:46 Ballistics
31:32 Imperial Age
29:37 Squires
29:24 Arson
29:01 Pikeman
29:52 Husbandry
30:16 Heavy Plow
30:16 Murder Holes
30:21 Bodkin Arrow
31:06 Stone Shaft Mining
31:11 Gold Shaft Mining
33:41 Two-Man Saw
33:00 Caravan
34:31 Bracer
34:34 Padded Archer Armor
35:30 Forging
36:31 Conscription
36:01 Crossbowman
38:02 Elite Chu Ko Nu
39:58 Chemistry
41:31 Elite Skirmisher
42:31 Heavy Rocket Cart
43:31 Husbandry
Connection lost

Rejoining the realm…

Still unreachable

The connection could not be restored.

Session expired

The server has moved on; the page needs a fresh start.